[ AOE2 MATCH · #494284555 ]
UnrankedJapanese vs Khmer
Player's team · LOSS
[ REPLAY ANALYSIS · EXTRACTED FROM THE RECORDED GAME ]
Feudal
9:06
Castle
24:58
Imperial
—
| APM avg | 51.1 |
| APM peak | 107 |
| eAPM avg | 23.4 |
| Villagers / military | 108 / 40 |
Focus
⚔️ 27.9% · 🌾 72.1%
Knight ×13 · Militia ×8 · Battering Ram ×8 · Mangonel ×6 · Monk ×5
Feudal
8:56
Castle
23:59
Imperial
—
| APM avg | 70.0 |
| APM peak | 173 |
| eAPM avg | 36.3 |
| Villagers / military | 95 / 51 |
Focus
⚔️ 59.6% · 🌾 40.4%
Archer ×47 · Mangonel ×2 · Ballista Elephant ×2
Match map
Initial resources + every placement click. Lines = walls · curves = elevation contours. ◆ gold · ⬟ stone · ● berries · ✦ relic · ◌ wall gap
Your base· Open — 5t gap
空氣包's base· Open — 5t gap
Smoothed initial terrain · ◌ = detected wall gap · hover for details
Inputs per minute
— 酒后帝国 - - 空氣包
Build order — 酒后帝国
First 150 of 247 actions detected
| 0:00 | Create | Villager (Male) |
| 0:01 | Create | Villager (Male) |
| 0:01 | Create | Villager (Male) |
| 0:02 | Build | House |
| 0:04 | Build | House |
| 0:14 | Create | Villager (Male) |
| 0:14 | Create | Villager (Male) |
| 1:26 | Create | Villager (Male) |
| 1:26 | Create | Villager (Male) |
| 1:58 | Create | Villager (Male) |
| 1:59 | Create | Villager (Male) |
| 2:20 | Create | Villager (Male) |
| 2:21 | Create | Villager (Male) |
| 2:25 | Build | Lumber Camp |
| 2:48 | Create | Villager (Male) |
| 2:48 | Create | Villager (Male) |
| 3:00 | Build | House |
| 3:15 | Create | Villager (Male) |
| 3:15 | Create | Villager (Male) |
| 3:16 | Create | Villager (Male) |
| 4:22 | Create | Villager (Male) |
| 4:23 | Create | Villager (Male) |
| 4:23 | Create | Villager (Male) |
| 4:46 | Create | Villager (Male) |
| 4:46 | Create | Villager (Male) |
| 4:47 | Create | Villager (Male) |
| 5:05 | Create | Villager (Male) |
| 5:05 | Create | Villager (Male) |
| 5:18 | Build | Barracks |
| 5:31 | Create | Villager (Male) |
| 5:57 | Create | Villager (Male) |
| 6:08 | Build | House |
| 6:24 | Research | Loom |
| 6:41 | Build | Mining Camp |
| 6:56 | Research | Feudal Age |
| 6:57 | Research | Feudal Age |
| 7:10 | Create | Militia |
| 7:11 | Create | Militia |
| 7:30 | Create | Militia |
| 7:30 | Create | Militia |
| 7:38 | Build | House |
| 7:50 | Create | Militia |
| 7:51 | Create | Militia |
| 8:06 | Create | Militia |
| 9:06 | Age | Feudal Age |
| 9:08 | Create | Villager (Male) |
| 9:09 | Research | Man-at-Arms (upgrade) |
| 9:10 | Research | Man-at-Arms (upgrade) |
| 9:31 | Build | Watch Tower |
| 9:33 | Create | Militia |
| 9:35 | Create | Villager (Male) |
| 9:36 | Create | Villager (Male) |
| 9:36 | Create | Villager (Male) |
| 9:36 | Create | Villager (Male) |
| 9:43 | Build | Mill |
| 10:05 | Build | Mining Camp |
| 10:18 | Build | House |
| 10:31 | Build | House |
| 10:33 | Build | Palisade Wall |
| 10:34 | Build | Palisade Wall |
| 10:48 | Build | Farm |
| 10:49 | Build | Farm |
| 10:59 | Create | Villager (Male) |
| 11:00 | Create | Villager (Male) |
| 11:00 | Create | Villager (Male) |
| 11:04 | Build | Farm |
| 11:26 | Create | Villager (Male) |
| 11:26 | Create | Villager (Male) |
| 11:31 | Build | House |
| 11:52 | Build | Watch Tower |
| 11:56 | Create | Villager (Male) |
| 11:57 | Create | Villager (Male) |
| 11:57 | Create | Villager (Male) |
| 11:57 | Create | Villager (Male) |
| 12:40 | Create | Villager (Male) |
| 12:40 | Create | Villager (Male) |
| 12:40 | Create | Villager (Male) |
| 12:40 | Create | Villager (Male) |
| 12:49 | Create | Villager (Male) |
| 12:50 | Create | Villager (Male) |
| 12:50 | Create | Villager (Male) |
| 12:55 | Build | Palisade Wall |
| 12:59 | Build | Palisade Wall |
| 13:05 | Create | Villager (Male) |
| 13:05 | Create | Villager (Male) |
| 13:11 | Build | Blacksmith |
| 13:37 | Create | Villager (Male) |
| 13:37 | Create | Villager (Male) |
| 13:38 | Create | Villager (Male) |
| 13:41 | Build | House |
| 13:53 | Build | House |
| 13:57 | Research | Fletching |
| 13:57 | Research | Fletching |
| 14:06 | Build | Farm |
| 14:07 | Create | Villager (Male) |
| 14:07 | Create | Villager (Male) |
| 14:07 | Create | Villager (Male) |
| 14:12 | Build | House |
| 14:12 | Build | House |
| 14:34 | Create | Villager (Male) |
| 14:35 | Create | Villager (Male) |
| 14:45 | Build | Watch Tower |
| 15:02 | Create | Villager (Male) |
| 15:02 | Create | Villager (Male) |
| 15:03 | Create | Villager (Male) |
| 15:04 | Build | Farm |
| 15:06 | Build | Farm |
| 15:17 | Build | House |
| 15:34 | Build | Watch Tower |
| 15:37 | Create | Villager (Male) |
| 15:37 | Create | Villager (Male) |
| 15:37 | Create | Villager (Male) |
| 15:55 | Create | Villager (Male) |
| 15:55 | Create | Villager (Male) |
| 15:55 | Create | Villager (Male) |
| 16:00 | Build | House |
| 16:06 | Build | Watch Tower |
| 16:26 | Create | Villager (Male) |
| 16:28 | Create | Villager (Male) |
| 16:29 | Create | Villager (Male) |
| 16:38 | Create | Villager (Male) |
| 16:42 | Build | House |
| 17:02 | Create | Villager (Male) |
| 17:09 | Research | Double-Bit Axe |
| 17:10 | Research | Double-Bit Axe |
| 17:10 | Research | Double-Bit Axe |
| 17:10 | Create | Villager (Male) |
| 17:10 | Create | Villager (Male) |
| 17:11 | Create | Villager (Male) |
| 18:05 | Create | Villager (Male) |
| 18:23 | Build | Watch Tower |
| 18:44 | Create | Villager (Male) |
| 18:53 | Build | Market |
| 18:57 | Create | Villager (Male) |
| 19:00 | Build | Farm |
| 19:05 | Create | Villager (Male) |
| 19:12 | Create | Villager (Male) |
| 19:25 | Build | Watch Tower |
| 19:32 | Build | Watch Tower |
| 19:39 | Build | Farm |
| 19:39 | Build | Farm |
| 19:40 | Build | Farm |
| 19:41 | Build | Farm |
| 20:01 | Create | Villager (Male) |
| 20:09 | Build | House |
| 20:11 | Build | Palisade Wall |
| 20:12 | Build | Palisade Wall |
| 20:27 | Build | Farm |
| 20:31 | Build | Watch Tower |
| 20:38 | Build | House |
Build order — 空氣包
First 150 of 249 actions detected
| 0:01 | Create | Villager (Male) |
| 0:01 | Create | Villager (Male) |
| 0:02 | Build | House |
| 0:03 | Build | House |
| 0:14 | Create | Villager (Male) |
| 0:22 | Create | Villager (Male) |
| 1:32 | Create | Villager (Male) |
| 1:53 | Create | Villager (Male) |
| 2:24 | Build | Lumber Camp |
| 2:36 | Create | Villager (Male) |
| 2:57 | Create | Villager (Male) |
| 3:12 | Create | Villager (Male) |
| 3:12 | Create | Villager (Male) |
| 3:38 | Create | Villager (Male) |
| 3:39 | Create | Villager (Male) |
| 3:59 | Build | House |
| 4:14 | Create | Villager (Male) |
| 4:39 | Create | Villager (Male) |
| 5:04 | Create | Villager (Male) |
| 5:52 | Create | Villager (Male) |
| 5:53 | Research | Loom |
| 6:05 | Build | Mining Camp |
| 6:14 | Build | House |
| 6:16 | Build | Palisade Wall |
| 6:44 | Research | Feudal Age |
| 6:59 | Build | Palisade Wall |
| 7:19 | Build | Palisade Wall |
| 8:14 | Create | Villager (Male) |
| 8:23 | Build | Palisade Wall |
| 8:24 | Build | Palisade Wall |
| 8:41 | Build | Mill |
| 8:56 | Age | Feudal Age |
| 9:05 | Build | Watch Tower |
| 9:26 | Build | Archery Range |
| 9:31 | Create | Villager (Male) |
| 9:31 | Create | Villager (Male) |
| 9:48 | Create | Villager (Male) |
| 9:56 | Create | Archer |
| 9:57 | Create | Archer |
| 10:11 | Create | Villager (Male) |
| 10:18 | Create | Villager (Male) |
| 10:21 | Build | Blacksmith |
| 10:30 | Build | House |
| 10:35 | Create | Villager (Male) |
| 11:04 | Build | House |
| 11:07 | Research | Fletching |
| 11:10 | Create | Archer |
| 11:16 | Research | Town Watch |
| 11:22 | Build | Mining Camp |
| 11:48 | Build | House |
| 11:52 | Build | Palisade Wall |
| 12:01 | Build | Palisade Wall |
| 12:02 | Build | Palisade Wall |
| 12:07 | Build | Palisade Wall |
| 12:13 | Create | Villager (Male) |
| 12:30 | Build | Lumber Camp |
| 12:38 | Create | Archer |
| 12:46 | Build | Farm |
| 12:52 | Create | Villager (Male) |
| 12:53 | Create | Villager (Male) |
| 13:01 | Build | Farm |
| 13:15 | Create | Villager (Male) |
| 13:22 | Create | Villager (Male) |
| 13:45 | Create | Archer |
| 13:49 | Build | House |
| 13:53 | Build | Lumber Camp |
| 13:58 | Create | Villager (Male) |
| 14:09 | Create | Villager (Male) |
| 14:25 | Build | House |
| 14:28 | Build | House |
| 14:36 | Create | Archer |
| 14:40 | Build | Farm |
| 14:42 | Create | Villager (Male) |
| 14:57 | Create | Archer |
| 15:23 | Create | Villager (Male) |
| 15:32 | Build | Mining Camp |
| 15:36 | Create | Archer |
| 15:55 | Create | Villager (Male) |
| 16:04 | Create | Villager (Male) |
| 16:24 | Create | Villager (Male) |
| 16:26 | Build | Farm |
| 16:31 | Build | Market |
| 16:36 | Build | Farm |
| 16:37 | Build | Farm |
| 16:38 | Build | Farm |
| 16:45 | Build | Farm |
| 16:52 | Create | Archer |
| 17:06 | Create | Archer |
| 17:19 | Build | Farm |
| 17:41 | Build | Watch Tower |
| 17:53 | Create | Villager (Male) |
| 17:53 | Create | Villager (Male) |
| 17:56 | Build | Farm |
| 18:03 | Research | Double-Bit Axe |
| 18:32 | Create | Archer |
| 18:32 | Create | Archer |
| 18:33 | Create | Villager (Male) |
| 19:10 | Build | Farm |
| 19:12 | Create | Villager (Male) |
| 19:14 | Build | Farm |
| 19:15 | Build | Farm |
| 19:26 | Create | Archer |
| 19:34 | Build | Farm |
| 19:58 | Create | Archer |
| 20:04 | Build | Farm |
| 20:06 | Create | Villager (Male) |
| 20:06 | Create | Villager (Male) |
| 20:21 | Create | Villager (Male) |
| 20:37 | Build | House |
| 21:19 | Research | Castle Age |
| 21:46 | Build | Archery Range |
| 21:52 | Create | Archer |
| 22:19 | Create | Archer |
| 22:20 | Research | Gold Mining |
| 22:21 | Research | Horse Collar |
| 22:32 | Create | Villager (Male) |
| 22:42 | Create | Archer |
| 22:47 | Build | House |
| 23:01 | Create | Archer |
| 23:01 | Create | Archer |
| 23:36 | Create | Archer |
| 23:37 | Create | Archer |
| 23:59 | Age | Castle Age |
| 24:00 | Research | Crossbowman (upgrade) |
| 24:04 | Research | Bodkin Arrow |
| 24:21 | Build | Castle |
| 24:24 | Create | Villager (Male) |
| 24:28 | Create | Archer |
| 24:28 | Create | Archer |
| 24:29 | Create | Villager (Male) |
| 24:36 | Create | Villager (Male) |
| 25:00 | Build | House |
| 25:16 | Create | Villager (Male) |
| 26:08 | Create | Ballista Elephant |
| 26:09 | Create | Ballista Elephant |
| 26:09 | Create | Villager (Male) |
| 26:10 | Build | Farm |
| 26:11 | Build | Farm |
| 26:11 | Create | Archer |
| 26:12 | Create | Archer |
| 26:19 | Create | Villager (Male) |
| 26:42 | Build | Mining Camp |
| 26:57 | Create | Archer |
| 26:57 | Create | Villager (Male) |
| 27:06 | Build | Farm |
| 27:25 | Create | Archer |
| 27:26 | Create | Archer |
| 27:33 | Create | Villager (Male) |
| 27:35 | Create | Villager (Male) |
| 27:38 | Build | Siege Workshop |
Match timeline
| 5:18 | 酒后帝国 · first_building Barracks |
| 6:16 | 空氣包 · wall_segment Palisade Wall x1 |
| 6:59 | 空氣包 · wall_segment Palisade Wall x6 |
| 7:19 | 空氣包 · wall_segment Palisade Wall x8 |
| 8:23 | 空氣包 · wall_segment Palisade Wall x1 |
| 8:24 | 空氣包 · wall_segment Palisade Wall x1 |
| 8:56 | 空氣包 · age_up feudal |
| 9:06 | 酒后帝国 · age_up feudal |
| 9:26 | 空氣包 · first_building Archery Range |
| 10:33 | 酒后帝国 · wall_segment Palisade Wall x2 |
| 10:34 | 酒后帝国 · wall_segment Palisade Wall x1 |
| 11:52 | 空氣包 · wall_segment Palisade Wall x1 |
| 12:01 | 空氣包 · wall_segment Palisade Wall x1 |
| 12:02 | 空氣包 · wall_segment Palisade Wall x1 |
| 12:07 | 空氣包 · wall_segment Palisade Wall x1 |
| 12:55 | 酒后帝国 · wall_segment Palisade Wall x2 |
| 12:59 | 酒后帝国 · wall_segment Palisade Wall x1 |
| 20:11 | 酒后帝国 · wall_segment Palisade Wall x1 |
| 20:12 | 酒后帝国 · wall_segment Palisade Wall x1 |
| 21:03 | 酒后帝国 · first_market_buy 100 food |
| 21:06 | 空氣包 · first_market_sell 100 wood |
| 21:26 | 酒后帝国 · wall_segment Palisade Wall x1 |
| 21:57 | 酒后帝国 · wall_segment Palisade Wall x1 |
| 22:02 | 酒后帝国 · first_market_sell 100 wood |
| 22:43 | 酒后帝国 · first_building Stable |
| 23:59 | 空氣包 · age_up castle |
| 24:21 | 空氣包 · first_building Castle |
| 24:58 | 酒后帝国 · age_up castle |
| 27:31 | 酒后帝国 · first_building Monastery |
| 27:38 | 空氣包 · first_building Siege Workshop |
| 27:57 | 空氣包 · first_market_buy 100 wood |
| 32:36 | 酒后帝国 · first_building Castle |
| 32:45 | 酒后帝国 · first_building Siege Workshop |
| 39:43 | 酒后帝国 · resign |
[ AI ANALYSIS · 1 CREDIT ]
What really happened in this match?
Wolo.gg analyzes every decision: build order, eco, micro, common mistakes by bracket. Personalized analysis on WhatsApp or Discord in 30 seconds.
Civ guide
Japanese
Perfil
新竹